 Dungeon Crawl Stone Soup version 0.19.0-19-g8c6edcc (webtiles) character file.

1334 Kassandra the Cutter (level 8, -2/46 HPs)
             Began as a Halfling Summoner on Nov 15, 2016.
             Was a Follower of Cheibriados.
             Killed from afar by an orc wizard (8 damage)
             ... with a puff of flame
             ... on level 6 of the Dungeon.
             The game lasted 00:33:59 (7664 turns).

Kassandra the Cutter (Halfling Summoner)            Turns: 7664, Time: 00:33:59

Health: -2/46      AC:  4    Str: 13    XL:     8   Next: 92%
Magic:  2/10       EV: 16    Int: 16    God:    Cheibriados [*.....]
Gold:   499        SH:  0    Dex: 19    Spells: 4 memorised, 1 level left

rFire  . . .     SeeInvis .     H - +1 war axe (distort)
rCold  + . .     Gourm    .     p - +1 leather armour {rC+}
rNeg   . . .     Faith    .     (shield restricted)
rPois  .         Spirit   .     (no helmet)
rElec  .         Reflect  .     (no cloak)
rCorr  .         Harm     .     (no gloves)
MR     .....                    (no boots)
Stlth  +++.......               (no amulet)
                                (no ring)
                                (no ring)

@: very slow
A: mutation resistance 1
a: Bend Time, Renounce Religion


You were on level 6 of the Dungeon.
You worshipped Cheibriados.
Cheibriados was aware of your devotion.
You were very hungry.

You visited 2 branches of the dungeon, and saw 7 of its levels.

You collected 499 gold pieces.

Inventory:

Hand Weapons
 H - a +1 war axe of distortion (weapon)
Armour
 p - a +1 leather armour of cold resistance (worn)
 x - a +0 leather armour of positive energy
Jewellery
 F - an uncursed ring of loudness
Wands
 a - a wand of confusion (28/48)
 w - a wand of flame (18/48)
 y - a wand of lightning (8/15)
 B - a wand of slowing (20/48)
Scrolls
 d - a scroll of random uselessness {unknown}
 g - 7 scrolls of identify
 h - 2 scrolls of teleportation
 i - a scroll of fear {unknown}
 j - 2 scrolls of immolation
 m - a scroll of noise
 n - a scroll of enchant armour
 t - a scroll of remove curse
 C - a scroll of enchant weapon {unknown}
Potions
 e - a potion of heal wounds {unknown}
 f - a potion of lignification {unknown}
 k - a potion of ambrosia {unknown}
 l - 3 potions of curing {unknown}
 o - a potion of degeneration {unknown}
 q - a potion of invisibility
 s - 2 potions of mutation {unknown}
 v - a potion of cancellation {unknown}
 A - a potion of might {unknown}
 E - a potion of berserk rage {unknown}
 G - a potion of agility {unknown}
Books
 b - a book of Callings

   Spells                             Type                      Level
   a - Summon Small Mammal            Summoning                    1
   b - Call Imp                       Summoning                    2
   c - Call Canine Familiar           Summoning                    3
   d - Summon Guardian Golem          Hexes/Summoning              3
   e - Summon Lightning Spire         Summoning/Air                4
   f - Summon Ice Beast               Ice/Summoning                4
 D - a book of Cantrips

   Spells                             Type                      Level
   a - Confusing Touch                Hexes                        1
   b - Animate Skeleton               Necromancy                   1
   c - Summon Small Mammal            Summoning                    1
   d - Apportation                    Translocation                1
Comestibles
 c - 4 bread rations
 r - 3 beef jerkies
 u - a meat ration


   Skills:
   Level 6.1 Short Blades
 + Level 5.0 Axes
 - Level 3.5 Dodging
 - Level 5.1 Stealth
 - Level 1.5 Spellcasting
 - Level 5.3 Summonings


You had one spell level left.
You knew the following spells:

 Your Spells              Type           Power        Failure   Level  Hunger
a - Summon Small Mammal   Summ           ###.         3%          1    ##.....
b - Call Imp              Summ           ###.....     6%          2    ###....
c - Call Canine Familiar  Summ           ###.....     12%         3    ####...
d - Summon Guardian Gole  Hex/Summ       #.......     28%         3    ####...


Dungeon Overview and Level Annotations

Branches:
Dungeon (6/15)             Temple (1/1) D:5

Altars:
Ashenzari
Cheibriados
Dithmenos
Fedhas
Gozag
Hepliaklqana
Makhleb
Nemelex Xobeh
Okawaru
Qazlal
Ru
Sif Muna
Trog
Xom
Yredelemnul
The Shining One


Innate Abilities, Weirdness & Mutations

You are small and have problems with some larger weapons.
You are somewhat resistant to further mutation.


Message History

The orc warrior hits your white imp with a scimitar!
Your white imp dies!
The orc warrior shouts!
The orc hits your guardian golem with a flail.
The orc wizard hits you with a dagger.
* * * LOW HITPOINT WARNING * * *
Your shadow imp closely misses the orc wizard.
The orc wizard hits you with a dagger.
* * * LOW HITPOINT WARNING * * *
Something hits your shadow imp!!
Your shadow imp dies!
Your guardian golem explodes!
Cheibriados appreciates the change of pace.
Your Axes skill increases to level 5!
You feel a bit more experienced.
Cheibriados appreciates the change of pace.
You feel a bit more experienced. The orc wizard barely misses you.
The orc wizard hits you but does no damage.
The orc wizard points at you and mumbles some strange words.
The puff of flame hits you!
You die...

#....... #(......
#...####. ...# ## ##..# ##
###...# ##.
############....# ##..
##.........(.....# ##...
##.....o.@........####....
#.......####.....[.......#
#..§§.### ###..........##
#...§o##### ##.........#
#..§........# ##.......##
#..)o........ ###.....#
#.>.......... ###...#
#......####.. #...##
#.....## . ##...#


You could see an orc wizard.

Vanquished Creatures
  A sky beast (D:6)
  A necrophage (D:5)
  An ogre (D:5)
  3 bullfrogs
  A crimson imp (D:5)
  A jelly (D:5)
  2 orc priests
  3 hounds
  2 iguanas
  A worker ant (D:6)
  An orc wizard (D:4)
  2 worker ant zombies (D:6)
  An adder (D:3)
  A shadow imp (D:5)
  2 worms (D:4)
  A dart slug (D:1)
  3 leopard geckos
  13 orcs
  8 bats
  6 giant cockroaches
  9 goblins
  4 hobgoblins
  8 jackals
  4 kobolds (D:2)
  A quokka (D:4)
  2 ball pythons
  A ball python skeleton (D:6)
  4 frilled lizards
  A leopard gecko skeleton (D:6)
  26 rats
114 creatures vanquished.

Vanquished Creatures (collateral kills)
  An orc warrior (D:6)
  A sky beast (D:5)
  2 ogres (D:5)
  A scorpion (D:3)
  A crimson imp (D:4)
  An orc priest (D:6)
  A jelly (D:5)
  2 orc wizards
  Ijyb (D:2)
  2 worker ants (D:5)
  Natasha (D:3)
  A hound zombie (D:5)
  Robin (D:3)
  4 adders
  A worm (D:3)
  A leopard gecko (D:4)
  19 orcs
  A ball python (D:3)
  2 giant cockroaches
  9 goblins
  2 hobgoblins
  2 jackals
  A quokka (D:3)
  3 bats
  A frilled lizard (D:2)
62 creatures vanquished.

Vanquished Creatures (others)
  An iguana (D:6)
  An orc (D:6)
2 creatures vanquished.

Grand Total: 178 creatures vanquished

Notes
Turn   | Place    | Note
-------+----------+-------------------------------------------
     0 | D:1      | Kassandra the Halfling Summoner began the quest for the Orb.
     0 | D:1      | Reached XP level 1. HP: 11/11 MP: 3/3
     0 | D:1      | Noticed a felid
     0 | D:1      | Noticed an octopode
     2 | D:1      | Noticed a centaur
     4 | D:1      | Noticed a formicid
     8 | D:1      | Noticed a naga
    11 | D:1      | Noticed a naga
    13 | D:1      | Noticed a formicid
    13 | D:1      | Noticed a naga
    15 | D:1      | Noticed a troll
    15 | D:1      | Noticed a ghoul
    17 | D:1      | Noticed an elf
    19 | D:1      | Noticed an ogre
    19 | D:1      | Noticed a vampire
    21 | D:1      | Noticed a dwarf
   477 | D:1      | Reached XP level 2. HP: 11/17 MP: 2/4
   494 | D:1      | Learned a level 2 spell: Call Imp
   878 | D:2      | Reached XP level 3. HP: 20/21 MP: 5/5
   967 | D:2      | Noticed Ijyb
  1179 | D:2      | Killed Ijyb
  1179 | D:2      | Reached XP level 4. HP: 23/27 MP: 3/6
  1316 | D:2      | Learned a level 3 spell: Call Canine Familiar
  2148 | D:3      | Noticed Robin
  2156 | D:3      | Killed Robin
  2156 | D:3      | Reached XP level 5. HP: 22/31 MP: 0/7
  2645 | D:3      | Noticed Natasha
  2652 | D:3      | Killed Natasha
  3043 | D:3      | Reached XP level 6. HP: 19/36 MP: 4/8
  3273 | D:4      | Reached skill level 5 in Stealth
  3427 | D:4      | Reached skill level 1 in Short Blades
  3514 | D:4      | Found a burning altar of Makhleb.
  3522 | D:4      | Found a shimmering altar of Xom.
  3527 | D:4      | Reached skill level 2 in Short Blades
  4199 | D:4      | Reached skill level 3 in Short Blades
  4279 | D:5      | Entered Level 5 of the Dungeon
  4451 | D:5      | Reached XP level 7. HP: 27/41 MP: 5/9
  4719 | D:5      | Found a basalt altar of Yredelemnul.
  4722 | D:5      | Reached skill level 4 in Short Blades
  4724 | D:5      | Found a staircase to the Ecumenical Temple.
  4979 | D:5      | Reached skill level 5 in Short Blades
  5533 | D:5      | Reached skill level 6 in Short Blades
  5822 | D:5      | Found a snail-covered altar of Cheibriados.
  5846 | D:5      | Became a worshipper of Cheibriados the Contemplative
  6093 | D:5      | Reached skill level 1 in Axes
  6093 | D:5      | Reached XP level 8. HP: 24/46 MP: 8/10
  6243 | Temple   | Entered the Ecumenical Temple
  6803 | D:6      | Reached * piety under Cheibriados
  7141 | D:6      | Found a blossoming altar of Fedhas.
  7234 | D:6      | Found a stormy altar of Qazlal.
  7325 | D:6      | Reached skill level 5 in Summonings
  7438 | D:6      | Learned a level 3 spell: Summon Guardian Golem
  7527 | D:6      | Found a shattered altar of Ashenzari.
  7662 | D:6      | Reached skill level 5 in Axes
  7664 | D:6      | Killed from afar by an orc wizard

Skill      XL: |  1  2  3  4  5  6  7  8 |
---------------+-------------------------+-----
Dodging        | 3 |  3.5
Summonings     | 4 5 |  5.3
Stealth        | 4 5 |  5.1
Short Blades   | 3 6 |  6.1
Axes           | 1 5 |  5.0
Spellcasting   | |  1.5

Action                   |  1- 3 |  4- 6 |  7- 9 || total
-------------------------+-------+-------+-------++-------
Melee: Dagger            |   122 |   103 |       ||   225
       Unarmed           |    20 |       |       ||    20
       Short sword       |       |   143 |    40 ||   183
       War axe           |       |       |    75 ||    75
 Cast: Summon Small Mamm |     5 |     1 |       ||     6
       Call Imp          |     6 |     2 |    24 ||    32
       Call Canine Famil |       |    25 |    24 ||    49
       Summon Guardian G |       |       |     1 ||     1
  Use: Scroll            |       |       |     8 ||     8
 Stab: Sleeping          |     2 |    16 |     4 ||    22
       Distracted        |       |     1 |     3 ||     4
  Eat: Chunk             |       |    15 |     8 ||    23
       Meat ration       |       |       |     1 ||     1
       Royal jelly       |       |       |     1 ||     1
Armor: Robe              |    26 |    14 |       ||    40
       Leather armour    |       |    37 |    17 ||    54
Dodge: Dodged            |   121 |   224 |   101 ||   446
